 Dungeon Crawl Stone Soup version 0.31-a0-221-gbddc013574 (webtiles) character file.

Game seed: 17976424880024493195

3822 qw the Cleaver (level 10, 0/64 HPs)
             Began as a Gargoyle Fighter on July 4, 2023.
             Was a Follower of Okawaru.
             Slain by Maggie
             ... wielding a +1 glaive of flaming
              (10 damage)
             ... on level 8 of the Dungeon.
             The game lasted 00:04:06 (6960 turns).

qw the Cleaver (Gargoyle Fighter)                   Turns: 6960, Time: 00:04:07

Health: 0/64       AC: 27    Str: 25    XL:     10   Next: 17%
Magic:  10/12      EV: 10    Int:  8    God:    Okawaru [*.....]
Gold:   1377       SH:  5    Dex:  9    Spells: 9/9 levels left

rFire   . . .        Y - +1 war axe
rCold   . . .        c - +0 buckler
rNeg    + + .        n - +0 chain mail
rPois   inf          b - +0 helmet
rElec   +            j - +0 cloak
rCorr   .            o - +0 pair of gloves
SInv    .            (no boots)
Will    .....        (no amulet) Stlth
                     e - ring of positive energy
HPRegen 0.30/turn    k - +4 ring of protection
MPRegen 0.13/turn

%: no passive effects
@: heroic, mesmerised
A: sickness immunity, AC +7, negative energy resistance 1, electricity
resistance, torment resistance 1, petrification resistance
a: Renounce Religion, Heroism


You were on level 8 of the Dungeon.
You worshipped Okawaru.
Okawaru was aware of your devotion.
You visited 2 branches of the dungeon, and saw 9 of its levels.

You collected 1509 gold pieces.
You spent 132 gold pieces at shops.


Innate Abilities, Weirdness & Mutations

You are immune to sickness and miasma.
Your stone body is resilient. (AC +7)
You are immune to poison.
You resist negative energy. (rN+)
You are resistant to electric shocks. (rElec)
You are resistant to unholy torment.
You are immune to petrification.


   Skills:
 + Level 7.8(12.8) Fighting
 - Level 10.0(15.0) Axes
 - Level 2.0(7.0) Throwing
 - Level 6.0(11.0) Armour
 - Level 1.4(6.4) Dodging
 - Level 4.1(9.1) Shields
 + Level 3.5 Invocations


You had 9 spell levels left.
You didn't know any spells.
Your spell library was empty.

Inventory:

Hand Weapons
 q - a +0 heavy flail
 Y - a +1 war axe (weapon)
Missiles
 a - 3 boomerangs (quivered)
Armour
 b - a +0 helmet (worn)
 c - a +0 buckler (worn)
 i - a +0 plate armour
 j - a +0 cloak (worn)
 n - a +0 chain mail (worn)
 o - a +0 pair of gloves (worn)
Jewellery
 e - a ring of positive energy (left hand)
 k - a +4 ring of protection (right hand)
Scrolls
 m - a scroll of brand weapon {unknown}
 p - a scroll of identify
Potions
 d - 2 potions of might
 f - 3 potions of haste
 g - 6 potions of attraction
 l - a potion of resistance
 r - a potion of curing {unknown}

Dungeon Overview and Level Annotations

Branches:
Dungeon (8/15)             Temple (1/1) D:7
   Lair: D:8-11

Altars:
Ashenzari
Cheibriados
Dithmenos
Elyvilon
Fedhas
Gozag
Kikubaaqudgha
Nemelex Xobeh
Okawaru
Qazlal
Ru
Sif Muna
Trog
Uskayaw
Vehumet
Wu Jian
Xom
Yredelemnul
The Shining One

Shops:
D:2 !(?   D:4 :   D:7 [

Portals:
Abyss: D:7

Annotations:
D:2 exclusion: endoplasm
D:7 2 transporters, qw's ghost, novice MiHs
D:8 Maggie


Message History

You slice the wight!!
You destroy the wight!
Okawaru accepts your kill.
A yak comes into view.
Maggie drinks a potion.
Maggie seems to grow stronger.
You slash Maggie!
Maggie is lightly wounded.
Maggie closely misses you.
You slash Maggie!
Maggie is moderately wounded.
You barely miss the yak.
Maggie hits you with a +1 glaive of flaming!
Maggie burns you. The yak closely misses you.
6956 ||| INVOKING Heroism.
You gain the combat prowess of a mighty hero.
Maggie gestures wildly while chanting.
Maggie draws you further into her thrall.
The yak gores you.
You slice Maggie!!
Maggie is severely wounded.
You hit the yak.
Maggie hits you with a +1 glaive of flaming!
Maggie burns you. The yak barely misses you.
You slash Maggie!
Maggie is severely wounded.
You completely miss the yak.
Maggie hits you with a +1 glaive of flaming.
Maggie burns you.
A kobold brigand comes into view.
It is wielding a +0 dagger and quivering poisoned darts.
The yak gores you!
6959 ||| DRINKING potion of heal wounds.
You feel much better.
Maggie says, "Leave now, and tell all of Margery's mercy!"
Maggie hits you but does no damage. The yak gores you but does no damage.
You barely miss Maggie.
Maggie is severely wounded.
You slash the yak!
Maggie hits you with a +1 glaive of flaming!!
Maggie burns you!
You die...

##. #.. #.# ##.# #
#..# ## .#.# #..##
.###.....
#...####).....#
#....@@YK#
##.####### #.#
######## ##.#######
#......# #........#
....##.####.######.#
#.#.........# .##.#
#.####.###### .....
#......# #...#


You could see Maggie (mesmerising, strong), a yak and a kobold brigand.

Vanquished Creatures
  A hornet (D:7)
  Eustachio (D:4)
  2 steam dragons
  2 water moccasins
  2 ice beasts
  2 sky beasts (D:8)
  3 orc warriors (D:8)
  2 ogres
  A black bear (D:4)
  3 centaurs
  A kobold brigand (D:7)
  3 bullfrogs
  6 wights (D:8)
  4 scorpions
  A killer bee (D:8)
  3 howler monkeys
  2 jellies
  5 orc priests
  A gnoll bouda (D:6)
  2 hounds (D:5)
  2 sleepcaps
  2 iguanas
  Terence (D:3)
  Natasha (thrice) (D:3)
  5 orc wizards
  Robin (D:4)
  3 gnolls (D:6)
  11 adders
  A shadow imp (D:6)
  A white imp (D:5)
  An ufetubus (D:4)
  3 dart slugs
  31 orcs
  4 ball pythons
  7 endoplasms
  9 giant cockroaches
  18 goblins
  11 hobgoblins
  3 jackals (D:2)
  8 quokkas
  5 bats
  A frilled lizard (D:1)
  17 kobolds
  3 rats
198 creatures vanquished.

Notes
Turn   | Place    | Note
-------+----------+-------------------------------------------
     0 | D:1      | qw the Gargoyle Fighter began the quest for the Orb.
     0 | D:1      | Reached XP level 1. HP: 14/14 MP: 1/1
     0 | D:1      | 0 ||| qw: Version: 0.3-a-41-g9d075ac
     0 | D:1      | 0 ||| qw: Game counter: 727
     0 | D:1      | 0 ||| qw: Melee chars always use a shield: true
     0 | D:1      | 0 ||| qw: God list: Okawaru
     0 | D:1      | 0 ||| qw: Allow faded altars: false
     0 | D:1      | 0 ||| qw: Do Orc after clearing Dungeon:15 true
     0 | D:1      | 0 ||| qw: Do second Lair branch before Depths: true
     0 | D:1      | 0 ||| qw: Lair rune preference: random
     0 | D:1      | 0 ||| qw: Goals: Normal, Zot:1-4, Slime:5, God:TSO, Crypt,
                  | Tomb, Abyss, Pan, Hells, Win
     0 | D:1      | 0 ||| PLANNING D:1-11
    34 | D:1      | Reached skill level 2 in Axes
   261 | D:1      | Reached XP level 2. HP: 19/19 MP: 2/2
   280 | D:1      | 280 ||| Stepping ~*~*~tactically~*~*~ (stealth).
   540 | D:1      | Reached skill level 3 in Axes
   744 | D:1      | 744 ||| READING 2 scrolls labelled QOTOGA SEWAQI.
   745 | D:1      | 745 ||| READING scroll labelled ACUJATTI QIPHO.
   746 | D:1      | 746 ||| READING 2 scrolls labelled ILIAHO IQANO.
   749 | D:1      | 749 ||| READING scroll labelled DOJOIT GASHAU.
   750 | D:1      | 750 ||| DROPPING scroll of blinking.
   775 | D:2      | Reached XP level 3. HP: 20/23 MP: 3/3
   844 | D:2      | 844 ||| Stepping ~*~*~tactically~*~*~ (stealth).
   910 | D:2      | Reached XP level 4. HP: 28/28 MP: 4/4
   961 | D:2      | Found Akaq's Magic Scroll Shop.
   969 | D:2      | 969 ||| DROPPING ring of wizardry.
   993 | D:2      | 993 ||| FLEEEEING.
   994 | D:2      | 994 ||| FLEEEEING.
   995 | D:2      | 995 ||| FLEEEEING.
   996 | D:2      | 996 ||| FLEEEEING.
   999 | D:2      | 999 ||| FLEEEEING.
  1003 | D:2      | 1003 ||| FLEEEEING.
  1004 | D:2      | 1004 ||| FLEEEEING.
  1005 | D:2      | 1005 ||| FLEEEEING.
  1006 | D:2      | 1006 ||| FLEEEEING.
  1007 | D:2      | 1007 ||| FLEEEEING.
  1015 | D:2      | Reached skill level 4 in Axes
  1132 | D:2      | Found Payku's Antique Weapon Shop.
  1144 | D:2      | 1144 ||| SHOPLISTING runed mace (144 gold, have 124).
  1144 | D:2      | 1144 ||| BUYING whip (60 gold).
  1144 | D:2      | Bought a whip for 60 gold pieces
  1144 | D:2      | 1144 ||| DROPPING +0 club.
  1152 | D:2      | Found Hiaf Riunumn's Distillery.
  1161 | D:2      | 1161 ||| BUYING 2 potions of attraction (72 gold).
  1161 | D:2      | Bought 2 potions of attraction for 72 gold pieces
  1161 | D:2      | 1161 ||| SHOPLISTING potion of attraction (36 gold, have
                  | 2).
  1161 | D:2      | 1161 ||| SHOPLISTING potion of cancellation (96 gold, have
                  | 2).
  1161 | D:2      | 1161 ||| SHOPLISTING potion of curing (36 gold, have 2).
  1161 | D:2      | 1161 ||| SHOPLISTING potion of enlightenment (60 gold, have
                  | 2).
  1161 | D:2      | 1161 ||| SHOPLISTING potion of lignification (36 gold, have
                  | 2).
  1161 | D:2      | 1161 ||| SHOPLISTING potion of mutation (96 gold, have 2).
  1189 | D:2      | 1189 ||| Stepping ~*~*~tactically~*~*~ (hiding).
  1570 | D:2      | 1570 ||| UPGRADING to +0 cloak.
  1575 | D:2      | 1575 ||| READING scroll labelled DONAT BYURHUCEY.
  1576 | D:2      | 1576 ||| READING scroll labelled WOSHRU AMYXUANK.
  1577 | D:2      | 1577 ||| READING scroll labelled AZEMARCHOSUA.
  1592 | D:2      | 1592 ||| Stepping ~*~*~tactically~*~*~ (stealth).
  1593 | D:2      | 1593 ||| Stepping ~*~*~tactically~*~*~ (stealth).
  1594 | D:2      | 1594 ||| Stepping ~*~*~tactically~*~*~ (stealth).
  1595 | D:2      | 1595 ||| Stepping ~*~*~tactically~*~*~ (stealth).
  1628 | D:3      | Noticed Natasha
  1629 | D:3      | 1629 ||| PLANNING SEWER
  1638 | D:3      | Killed Natasha
  1642 | D:3      | 1642 ||| FLEEEEING.
  1643 | D:3      | 1643 ||| FLEEEEING.
  1644 | D:3      | 1644 ||| STAIRDANCE
  1728 | D:3      | Reached XP level 5. HP: 32/32 MP: 5/5
  1748 | D:3      | Noticed Natasha
  1756 | D:3      | Killed Natasha
  1866 | D:3      | Noticed Natasha
  1867 | D:3      | 1867 ||| Stepping ~*~*~tactically~*~*~ (stealth).
  1883 | D:3      | Killed Natasha
  1884 | D:3      | Reached skill level 5 in Axes
  1991 | D:3      | 1991 ||| Stepping ~*~*~tactically~*~*~ (hiding).
  1993 | D:3      | 1993 ||| Stepping ~*~*~tactically~*~*~ (hiding).
  1994 | D:3      | 1994 ||| Stepping ~*~*~tactically~*~*~ (hiding).
  2002 | D:3      | Reached XP level 6. HP: 33/38 MP: 6/6
  2252 | D:3      | 2252 ||| Stepping ~*~*~tactically~*~*~ (hiding).
  2291 | D:3      | 2291 ||| RIP SEWER
  2292 | D:3      | 2292 ||| PLANNING D:1-11
  2316 | D:3      | 2316 ||| Stepping ~*~*~tactically~*~*~ (water).
  2318 | D:3      | 2318 ||| Stepping ~*~*~tactically~*~*~ (water).
  2320 | D:3      | 2320 ||| Stepping ~*~*~tactically~*~*~ (water).
  2325 | D:3      | 2325 ||| Stepping ~*~*~tactically~*~*~ (water).
  2403 | D:3      | 2403 ||| Stepping ~*~*~tactically~*~*~ (stealth).
  2405 | D:3      | 2405 ||| Stepping ~*~*~tactically~*~*~ (hiding).
  2411 | D:3      | Reached skill level 1 in Dodging
  2417 | D:3      | HP: 8/38 [orc priest/divine providence (11)]
  2418 | D:3      | 2418 ||| READING 2 scrolls of teleportation.
  2574 | D:3      | Noticed Terence
  2580 | D:3      | Killed Terence
  2583 | D:3      | 2583 ||| DROPPING +0 whip.
  2665 | D:3      | 2665 ||| UPGRADING to +0 chain mail.
  2675 | D:3      | 2675 ||| DROPPING +0 scale mail.
  2676 | D:3      | 2676 ||| READING scroll labelled SAITSU BUQODGHI.
  2677 | D:3      | 2677 ||| READING scroll labelled GOENIU RETZE.
  2678 | D:3      | 2678 ||| READING scroll labelled ZUOFITULOR.
  2688 | D:4      | Noticed Robin
  2689 | D:4      | 2689 ||| Stepping ~*~*~tactically~*~*~ (hiding).
  2690 | D:4      | 2690 ||| Stepping ~*~*~tactically~*~*~ (hiding).
  2692 | D:4      | 2692 ||| Stepping ~*~*~tactically~*~*~ (hiding).
  2706 | D:4      | Killed Robin
  2712 | D:4      | 2712 ||| FLEEEEING.
  2713 | D:4      | 2713 ||| FLEEEEING.
  2714 | D:4      | 2714 ||| FLEEEEING.
  2715 | D:4      | 2715 ||| STAIRDANCE
  2777 | D:4      | Found Wojiu's Book Emporium.
  2777 | D:4      | Noticed a walking crystal tome
  2777 | D:4      | Noticed a walking divine tome
  2806 | D:4      | 2806 ||| UPGRADING to +0 helmet.
  2836 | D:4      | Noticed Eustachio
  2858 | D:4      | 2858 ||| FLEEEEING.
  2867 | D:4      | 2867 ||| STAIRDANCE
  2879 | D:3      | 2879 ||| READING scroll labelled ESI ZYWOWUMEO.
  2880 | D:3      | 2880 ||| READING scroll labelled RAONTA GESTEE.
  2914 | D:4      | 2914 ||| FLEEEEING.
  2915 | D:4      | 2915 ||| FLEEEEING.
  2922 | D:4      | Killed Eustachio
  2923 | D:4      | Reached skill level 6 in Axes
  2923 | D:4      | Reached XP level 7. HP: 11/43 MP: 7/7
  2924 | D:4      | 2924 ||| STAIRDANCE
  3118 | D:4      | 3118 ||| Stepping ~*~*~tactically~*~*~ (hiding).
  3119 | D:4      | 3119 ||| Stepping ~*~*~tactically~*~*~ (hiding).
  3330 | D:4      | 3330 ||| DROPPING +0 flail.
  3372 | D:4      | Reached skill level 7 in Axes
  3551 | D:4      | 3551 ||| UPGRADING to ring of positive energy.
  3552 | D:4      | 3552 ||| READING scroll labelled NEZOYPP FEULUL.
  3581 | D:4      | 3581 ||| DRINKING 2 sedimented clear potions.
  3604 | D:5      | Entered Level 5 of the Dungeon
  3666 | D:5      | 3666 ||| Stepping ~*~*~tactically~*~*~ (stealth).
  3676 | D:5      | 3676 ||| FLEEEEING.
  3677 | D:5      | 3677 ||| FLEEEEING.
  3686 | D:5      | Reached XP level 8. HP: 41/50 MP: 8/8
  4175 | D:5      | 4175 ||| UPGRADING to +0 pair of gloves.
  4180 | D:5      | 4180 ||| READING scroll labelled JIETAU DOAH.
  4181 | D:5      | 4181 ||| READING scroll labelled ONEG VAPAOBLE.
  4181 | D:5      | Identified a scroll of acquirement
  4181 | D:5      | 4181 ||| ACQUIRING 1049 gold pieces
  4181 | D:5      | Acquired 1049 gold pieces
  4183 | D:5      | 4183 ||| DRINKING 3 green potions.
  4184 | D:5      | 4184 ||| READING 2 scrolls of identify.
  4184 | D:5      | 4184 ||| IDENTIFYING golden potion
  4185 | D:5      | 4185 ||| DROPPING potion of ambrosia.
  4237 | D:6      | 4237 ||| Stepping ~*~*~tactically~*~*~ (hiding).
  4254 | D:6      | Reached skill level 8 in Axes
  4274 | D:6      | 4274 ||| Stepping ~*~*~tactically~*~*~ (stealth).
  4282 | D:6      | Reached skill level 6 in Fighting
  4303 | D:6      | 4303 ||| Stepping ~*~*~tactically~*~*~ (hiding).
  4322 | D:6      | 4322 ||| FLEEEEING.
  4326 | D:6      | 4326 ||| FLEEEEING.
  4327 | D:6      | 4327 ||| FLEEEEING.
  4330 | D:6      | 4330 ||| FLEEEEING.
  4331 | D:6      | 4331 ||| FLEEEEING.
  4349 | D:6      | Reached XP level 9. HP: 47/55 MP: 9/9
  4662 | D:6      | Identified the +7 mace of the Extremely Mad {freeze, Str+2}
  4664 | D:6      | 4664 ||| DROPPING +7 mace of the Extremely Mad {freeze,
                  | Str+2}.
  4733 | D:6      | 4733 ||| FLEEEEING.
  4734 | D:6      | 4734 ||| FLEEEEING.
  4735 | D:6      | 4735 ||| FLEEEEING.
  4736 | D:6      | 4736 ||| FLEEEEING.
  4738 | D:6      | 4738 ||| FLEEEEING.
  4739 | D:6      | 4739 ||| FLEEEEING.
  4740 | D:6      | 4740 ||| FLEEEEING.
  4741 | D:6      | 4741 ||| FLEEEEING.
  4742 | D:6      | 4742 ||| FLEEEEING.
  4744 | D:6      | 4744 ||| FLEEEEING.
  4745 | D:6      | 4745 ||| FLEEEEING.
  4746 | D:6      | 4746 ||| FLEEEEING.
  4747 | D:6      | 4747 ||| FLEEEEING.
  4748 | D:6      | 4748 ||| FLEEEEING.
  4749 | D:6      | 4749 ||| FLEEEEING.
  4750 | D:6      | 4750 ||| FLEEEEING.
  4751 | D:6      | 4751 ||| FLEEEEING.
  4752 | D:6      | 4752 ||| FLEEEEING.
  4753 | D:6      | 4753 ||| FLEEEEING.
  4754 | D:6      | 4754 ||| FLEEEEING.
  4755 | D:6      | 4755 ||| FLEEEEING.
  4756 | D:6      | 4756 ||| FLEEEEING.
  4757 | D:6      | 4757 ||| FLEEEEING.
  4758 | D:6      | 4758 ||| FLEEEEING.
  4759 | D:6      | 4759 ||| FLEEEEING.
  4760 | D:6      | 4760 ||| FLEEEEING.
  4761 | D:6      | 4761 ||| FLEEEEING.
  4770 | D:6      | Reached skill level 9 in Axes
  4967 | D:6      | 4967 ||| UPGRADING to +4 ring of protection.
  4968 | D:6      | 4968 ||| DRINKING 2 fuming coppery potions.
  4969 | D:6      | 4969 ||| READING 2 scrolls of identify.
  4969 | D:6      | 4969 ||| IDENTIFYING bubbling silvery potion
  4970 | D:6      | 4970 ||| DROPPING potion of degeneration.
  4971 | D:6      | 4971 ||| DROPPING potion of brilliance.
  5010 | D:7      | 5010 ||| STAIRDANCE
  5226 | D:7      | Noticed a hornet
  5238 | D:7      | Killed a hornet
  5331 | D:7      | 5331 ||| Stepping ~*~*~tactically~*~*~ (stealth).
  5336 | D:7      | Found a snail-covered altar of Cheibriados.
  5489 | D:7      | Found a staircase to the Ecumenical Temple.
  5490 | D:7      | 5490 ||| PLANNING TEMPLE
  5498 | Temple   | Entered the Ecumenical Temple
  5557 | Temple   | 5557 ||| PLANNING OKAWARU WORSHIP
  5659 | Temple   | Became a worshipper of Warmaster Okawaru
  5660 | Temple   | 5660 ||| PLANNING D:1-11
  5689 | D:7      | Found a transporter.
  5695 | D:7      | Found a transporter.
  5700 | D:7      | Noticed a purple ugly thing
  5709 | D:7      | Noticed qw's ghost (novice MiHs)
  5727 | D:7      | Found a one-way gate to the infinite horrors of the Abyss.
  6058 | D:7      | 6058 ||| Stepping ~*~*~tactically~*~*~ (hiding).
  6267 | D:7      | Found Wockad's Antique Armour Shoppe.
  6368 | D:8      | 6368 ||| Stepping ~*~*~tactically~*~*~ (stealth).
  6371 | D:8      | 6371 ||| Stepping ~*~*~tactically~*~*~ (stealth).
  6374 | D:8      | 6374 ||| Stepping ~*~*~tactically~*~*~ (hiding).
  6375 | D:8      | 6375 ||| Stepping ~*~*~tactically~*~*~ (hiding).
  6378 | D:8      | 6378 ||| Stepping ~*~*~tactically~*~*~ (stealth).
  6400 | D:8      | 6400 ||| Stepping ~*~*~tactically~*~*~ (hiding).
  6401 | D:8      | HP: 12/57 [wight/+0 trident (4)]
  6402 | D:8      | 6402 ||| Stepping ~*~*~tactically~*~*~ (hiding).
  6403 | D:8      | 6403 ||| READING scroll of teleportation.
  6404 | D:8      | 6404 ||| DRINKING 2 potions of heal wounds.
  6520 | D:8      | 6520 ||| Stepping ~*~*~tactically~*~*~ (stealth).
  6521 | D:8      | 6521 ||| Stepping ~*~*~tactically~*~*~ (stealth).
  6529 | D:8      | Reached skill level 10 in Axes
  6529 | D:8      | Reached * piety under Okawaru
  6588 | D:8      | Reached skill level 1 in Invocations
  6756 | D:8      | Reached skill level 6 in Armour
  6756 | D:8      | Reached XP level 10. HP: 60/63 MP: 11/11
  6825 | D:8      | 6825 ||| Stepping ~*~*~tactically~*~*~ (hiding).
  6827 | D:8      | 6827 ||| Stepping ~*~*~tactically~*~*~ (hiding).
  6828 | D:8      | 6828 ||| Stepping ~*~*~tactically~*~*~ (hiding).
  6913 | D:8      | 6913 ||| INVOKING Heroism.
  6928 | D:8      | Reached skill level 3 in Invocations
  6939 | D:8      | 6939 ||| FLEEEEING.
  6948 | D:8      | Noticed Maggie
  6956 | D:8      | 6956 ||| INVOKING Heroism.
  6958 | D:8      | HP: 16/64 [Maggie/+1 glaive of flaming (1)]
  6958 | D:8      | HP: 5/64 [yak (11)]
  6959 | D:8      | 6959 ||| DRINKING potion of heal wounds.
  6960 | D:8      | Slain by Maggie

Levels and vault maps discovered:
D:1:      dpeg_arrival_stonehenge_8_columns, layout_loops_ring,
          serial_park_tiny_pond, hangedman_abyss_or_decor_stabs,
          minmay_close_crescents
D:2:      layout_basic, serial_shops, nicolae_shop_gibbet_a_chance, shop, shop,
          st_stairs_9, nrook_campfire
D:3:      layout_loops_ring, gup_sewer_entry_pipe, uniq_terence, uniq_natasha
D:4:      cheibrodos_quashed, layout_cave_pools, serial_shops,
          nicolae_shop_mannequins, uniq_robin, uniq_eustachio
D:5:      layout_rooms
D:6:      layout_loops_ring, skrybe_limestone_x
D:7:      layout_basic, kennysheep_slug_shrine, minmay_temple_entry_metal_lava,
          gammafunk_ghost_abyssal_escape, serial_shops,
          nicolae_shop_competitors_out_of_business, kennysheep_generic_room_13
D:8:      layout_loops_cross, minmay_alternating_orb, uniq_maggie
Temple:   hc_temple_tempest_star

Skill      XL: |  1  2  3  4  5  6  7  8  9 10 |
---------------+-------------------------------+-----
Axes           | 2 3 4 5 6 7 8 10 | 10.0
Fighting       | 4 5 6 7 |  7.8
Dodging        | 1 |  1.4
Throwing       | 2 |  2.0
Armour         | 4 6 |  6.0
Shields        | 4 |  4.1
Invocations    | 2 3 |  3.5

Action                     |  1- 3 |  4- 6 |  7- 9 | 10-12 || total
---------------------------+-------+-------+-------+-------++-------
  Melee: War axe           |   104 |   220 |   289 |    44 ||   657
  Throw: Boomerang         |       |    62 |    79 |     1 ||   142
 Invoke: Heroism           |       |       |       |     2 ||     2
    Use: Scroll            |     4 |     9 |     6 |       ||    19
         Potion            |       |       |     4 |     1 ||     5
 Armour: Scale mail        |    67 |    70 |       |       ||   137
         Chain mail        |       |    77 |   233 |    20 ||   330
  Dodge: Dodged            |    53 |   104 |   110 |    17 ||   284
  Block: Buckler           |    23 |    45 |    49 |     6 ||   123

Table legend:
 A = Non-vault XP
 B = Vault XP
 C = Vault XP percentage of total XP
 D = Non-vault monster count
 E = Vault monster count
 F = Vault count percentage of total count
                 A         B        C        D         E       F
            +---------+---------+-------+---------+---------+-------
      Total |    4511 |     950 |  17.4 |     154 |      44 |  22.2
            +---------+---------+-------+---------+---------+-------
        D:1 |      25 |       8 |  24.2 |      15 |       5 |  25.0
        D:2 |      84 |       4 |   4.5 |      23 |       2 |   8.0
        D:3 |     301 |      91 |  23.2 |      27 |      12 |  30.8
        D:4 |     311 |     252 |  44.8 |      18 |      14 |  43.8
        D:5 |     635 |       0 |   0.0 |      16 |       0 |   0.0
        D:6 |    1103 |       0 |   0.0 |      21 |       0 |   0.0
        D:7 |    1009 |       4 |   0.4 |      18 |       1 |   5.3
        D:8 |    1043 |     591 |  36.2 |      16 |      10 |  38.5
            +---------+---------+-------+---------+---------+-------
